 Dungeon Crawl Stone Soup version 0.31.0-32-g396128a36d (webtiles) character file.

Game seed: 15404126383472780998

18279 Peloso the Carver (level 12, -1/160 HPs)
             Began as a Minotaur Fighter on Apr 5, 2024.
             Was the Champion of Okawaru.
             Succumbed to Amaemon's poison
             ... on level 1 of the Lair of Beasts.
             The game lasted 00:24:26 (13835 turns).

Peloso the Carver (Minotaur Fighter)               Turns: 13835, Time: 00:24:27

Health: -1/160     AC: 18    Str: 22    XL:     12   Next: 26%
Magic:  11/11      EV:  9    Int:  5    God:    Okawaru [******]
Gold:   820        SH:  7    Dex: 20    Spells: 11/11 levels left

rFire   . . .        a - +0 long sword (spect)
rCold   + . .        d - +0 buckler
rNeg    . . .        y - +0 plate armour
rPois   .            (helmet restricted)
rElec   .            (no cloak)
rCorr   .            (no gloves)
SInv    .            D - +1 pair of boots {Fly}
Will    .....        (no amulet) Stlth
                     e - +6 ring of dexterity
HPRegen 0.46/turn    p - ring of protection from cold
MPRegen 0.12/turn

%: no passive effects
@: berserking, lethally poisoned (-1 -> -25), flying, hasted, very quick
A: horns 2, retaliatory headbutt
a: Renounce Religion, Heroism, Finesse, Duel, Receive Weapon, Receive Armour


You were on level 1 of the Lair of Beasts.
You worshipped Okawaru.
Okawaru was exalted by your worship.
You visited 2 branches of the dungeon, and saw 13 of its levels.
You also visited: Bailey.

You collected 820 gold pieces.

Inventory:

Hand Weapons
 a - a +0 spectral long sword (weapon)
 b - a +3 scimitar of flaming
 F - the +4 glaive of a Billion Seas {venom, rElec rF+ Int+4 Stlth-}
   (You took it off an orc warrior in a bailey)

   Int+4:     It affects your intelligence (+4).
   rF+:       It protects you from fire.
   rElec:     It insulates you from electricity.
   Stlth-:    It makes you less stealthy.
 G - the +6 short sword of Contention {flame, rC+ MP+9 Dex-2}
   (You found it on level 4 of the Dungeon)

   Dex-2:     It affects your dexterity (-2).
   rC+:       It protects you from cold.
   MP+9:      It affects your magic capacity (+9).
Armour
 c - a +0 scale mail
 d - a +0 buckler (worn)
 j - a +0 chain mail
 y - a +0 plate armour (worn)
 D - a +1 pair of boots of flying (worn)
 E - a +1 pair of boots of rampaging
Jewellery
 e - a +6 ring of dexterity (left hand)
 f - a +4 ring of protection
 p - a ring of protection from cold (right hand)
 K - a ring of willpower
Wands
 l - a wand of iceblast (13)
 t - a wand of quicksilver (1)
 x - a wand of flame (5)
 J - a wand of polymorph (4)
Scrolls
 i - 3 scrolls of teleportation
 k - a scroll of poison
 s - a scroll of acquirement
 v - 2 scrolls of fear
 w - 2 scrolls of revelation
 B - a scroll of amnesia
 I - 2 scrolls of silence {unknown}
 L - a scroll of immolation {unknown}
 N - 2 scrolls of identify
Potions
 g - a potion of ambrosia
 h - 2 potions of resistance
 n - a potion of brilliance
 o - 4 potions of cancellation
 q - 2 potions of might
 u - a potion of attraction
 z - 3 potions of enlightenment
 H - a potion of berserk rage
 M - a potion of lignification {unknown}
 O - a potion of invisibility {unknown}
Miscellaneous
 C - a sack of spiders


   Skills:
 + Level 10.5 Fighting
 + Level 14.6 Long Blades
 + Level 13.3 Armour
 + Level 4.6 Dodging
 + Level 3.0 Stealth
 + Level 9.4 Shields
 + Level 0.1 Unarmed Combat
 + Level 0.6 Invocations


You had 11 spell levels left.
You didn't know any spells.
Your spell library contained the following spells:

 Spells                   Type           Power      Damage    Failure   Level
 Necrotise                Necr           0%         1d4       100%        1
 Vampiric Draining        Necr           0%         2d6       100%        3
 Curse of Agony           Necr           0%         N/A       100%        5
 Martyr's Knell           Necr/Summ      Unusable   N/A       N/A         4

Dungeon Overview and Level Annotations

Branches:
Dungeon (12/15)            Temple (0/1) D:7            Lair (1/5) D:9
    Orc (0/2) D:11         Bailey (visited)

Altars:
Cheibriados
Fedhas
Kikubaaqudgha
Makhleb
Nemelex Xobeh
Okawaru
Vehumet
Yredelemnul
Zin
The Shining One

Shops:
D:6 (   D:7 *   D:8 *

Annotations:
D:5 1 runed translucent door, arvianne's ghost, novice KoBr
D:9 3 runed translucent doors, sono's ghost, journeyman GrFi
D:12 Azrael
Lair:1 Amaemon


Innate Abilities, Weirdness & Mutations

You have a pair of horns on your head.
You reflexively headbutt those who attack you in melee.


Message History

The orange demon closely misses you.
You closely miss Amaemon. You headbutt Amaemon!
Amaemon is moderately wounded.
Your +0 spectral long sword completely misses Amaemon.
You feel very sick. The cane toad stings you!
* * * LOW HITPOINT WARNING * * *
You are more poisoned.
The cane toad poisons you!
The orange demon stings you but does no damage.
Amaemon hits you with a +0 demon whip of venom.
* * * LOW HITPOINT WARNING * * *
You are more poisoned.
Amaemon claws you but does no damage. Amaemon tail-slaps you.
* * * LOW HITPOINT WARNING * * *
You hit Amaemon but do no damage.
Amaemon is moderately wounded.
Your +0 spectral long sword hits Amaemon but does no damage.
* * * LOW HITPOINT WARNING * * *
You feel extremely sick. The cane toad stings you.
* * * LOW HITPOINT WARNING * * *
Unknown command.
You feel much better.
Your +0 spectral long sword disappears.
Your surroundings suddenly seem different.
* * * LOW HITPOINT WARNING * * *
You feel extremely sick.
Unknown command.
It was a potion of haste.
You feel yourself speed up.
* * * LOW HITPOINT WARNING * * *
You feel extremely sick.
It was a potion of berserk rage.
A red film seems to cover your vision as you go berserk!
You feel yourself moving faster!
You feel mighty!
* * * LOW HITPOINT WARNING * * *
You feel very sick.
You are too berserk!
You feel a strong urge to attack something.
You die...

..................##
#..................##
#...................#
.#..................#
#P............†.....#
.#..................##
#...................P#
#...................##
................@...#
....................#
...................♣♣
.................♣♣♣♣♣
...........P~P~~~~~~~♣♣
...........P~~~~~~≈~~P♣
...........~P~~~~P≈≈≈~♣♣
...........~~~~~~≈≈≈≈≈~♣♣
....P####..~~~~~~≈≈≈≈≈~~♣


There were no monsters in sight!

Vanquished Creatures
  Erica (D:9)
  2 two-headed ogres
  A manticore (D:12)
  A cyclops (D:10)
  Maurice (D:9)
  3 black mambas (Lair:1)
  An elephant (D:9)
  3 cane toads (Lair:1)
  2 unseen horrors
  A torpor snail (Lair:1)
  2 gargoyles
  A rime drake (Lair:1)
  2 trolls
  2 hornets
  5 blink frogs (Lair:1)
  A wyvern (D:7)
  2 shadows
  10 yaks
  A basilisk (Lair:1)
  A fire elemental (D:12)
  Grum (D:11)
  7 vampire mosquitoes
  Edmund (D:6)
  An acid dragon (D:10)
  9 water moccasins (Lair:1)
  2 black bears
  3 ice beasts
  9 orc warriors
  A sky beast (D:6)
  3 ogres
  4 wolves (D:11)
  3 centaurs
  3 kobold brigands
  3 phantoms
  5 bullfrogs
  A gnoll sergeant (D:8)
  4 scorpions
  8 wights
  8 howler monkeys
  3 bombardier beetles
  2 gnoll boudas
  2 jellies (D:7)
  7 orc priests
  7 hounds
  2 iguanas
  3 sleepcaps (D:5)
  11 orc wizards
  Robin (D:3)
  25 gnolls
  7 adders
  A shadow imp (D:5)
  A white imp (D:7)
  3 ufetubi
  2 dart slugs
  2 ribbon worms
  36 orcs
  7 endoplasms
  5 giant cockroaches
  22 goblins
  12 hobgoblins
  6 quokkas
  6 ball pythons
  4 bats
  4 frilled lizards
  29 kobolds
  7 rats
336 creatures vanquished.

Vanquished Creatures (others)
  A hell hound (D:12)
  A human (D:5)
  3 spectral weapons
5 creatures vanquished.

Grand Total: 341 creatures vanquished

Notes
Turn   | Place    | Note
-------+----------+-------------------------------------------
     0 | D:1      | Peloso the Minotaur Fighter began the quest for the Orb.
     0 | D:1      | Reached XP level 1. HP: 19/19 MP: 0/0
    54 | D:1      | Reached XP level 2. HP: 15/27 MP: 1/1
   835 | D:2      | Reached XP level 3. HP: 31/33 MP: 2/2
   862 | D:2      | Reached skill level 3 in Long Blades
  1111 | D:2      | Reached XP level 4. HP: 36/40 MP: 3/3
  1458 | D:2      | Reached skill level 1 in Dodging
  1725 | D:3      | Noticed Robin
  1745 | D:3      | Killed Robin
  1834 | D:3      | Reached skill level 4 in Long Blades
  2210 | D:3      | Found a burning altar of Makhleb.
  2211 | D:3      | Found an iron altar of Okawaru.
  2254 | D:3      | Became a worshipper of Warmaster Okawaru
  2525 | D:3      | Reached XP level 5. HP: 46/46 MP: 4/4
  2664 | D:4      | Reached skill level 5 in Long Blades
  2681 | D:4      | Noticed a black bear
  2700 | D:4      | Killed a black bear
  2701 | D:4      | Reached skill level 5 in Armour
  2701 | D:4      | Reached XP level 6. HP: 47/53 MP: 5/5
  2825 | D:4      | Reached * piety under Okawaru
  2826 | D:4      | Reached skill level 6 in Long Blades
  2874 | D:4      | Identified the +6 short sword of Contention {flame, rC+
                  | MP+9 Dex-2}
  3223 | D:4      | Found a basalt altar of Yredelemnul.
  3863 | D:5      | Entered Level 5 of the Dungeon
  3869 | D:5      | Noticed an ice beast
  3879 | D:5      | Killed an ice beast
  3880 | D:5      | Reached XP level 7. HP: 46/60 MP: 6/6
  4015 | D:5      | Reached skill level 7 in Long Blades
  4021 | D:5      | Reached ** piety under Okawaru
  4022 | D:5      | Reached skill level 5 in Fighting
  4190 | D:5      | Reached skill level 5 in Shields
  4361 | D:5      | Found an ancient bone altar of Kikubaaqudgha.
  4365 | D:5      | Noticed a human
  4368 | D:5      | Killed a human
  4383 | D:5      | Reached XP level 8. HP: 52/68 MP: 7/7
  4489 | D:5      | Reached skill level 8 in Long Blades
  4723 | D:5      | Found a runed translucent door.
  4723 | D:5      | Noticed arvianne's ghost (novice KoBr)
  4825 | D:6      | Found Mijymo's Weapon Boutique.
  5205 | D:6      | Reached *** piety under Okawaru
  5206 | D:6      | Reached skill level 9 in Long Blades
  5468 | D:6      | Noticed Edmund
  5497 | D:6      | Killed Edmund
  5866 | D:6      | Reached XP level 9. HP: 45/75 MP: 8/8
  6085 | D:6      | Identified a scroll of acquirement
  6515 | D:7      | Found a staircase to the Ecumenical Temple.
  6523 | D:7      | Reached skill level 10 in Long Blades
  6804 | D:7      | Found a blossoming altar of Fedhas.
  6831 | D:7      | Found Zin's Purification Station.
  6836 | D:7      | Found a glowing silver altar of Zin.
  6976 | D:8      | Found Wukao's Overcharged Wands.
  6986 | D:8      | Reached **** piety under Okawaru
  7217 | D:8      | Found a radiant altar of Vehumet.
  7402 | D:8      | Reached skill level 1 in Stealth
  7774 | D:8      | Found a snail-covered altar of Cheibriados.
  8189 | D:9      | Noticed a freezing wraith
  8189 | D:9      | Noticed sono's ghost (journeyman GrFi)
  8189 | D:9      | Found a runed translucent gate.
  8189 | D:9      | Found a runed translucent gate.
  8189 | D:9      | Found a runed translucent gate.
  8302 | D:9      | Found a flagged portal.
  8330 | D:9      | Reached skill level 11 in Long Blades
  8354 | Bailey   | Entered a bailey
  8401 | Bailey   | Reached XP level 10. HP: 23/86 MP: 9/9
  8607 | Bailey   | Identified the +4 glaive of a Billion Seas {venom, rElec
                  | rF+ Int+4 Stlth-}
  9343 | D:9      | Found a glowing golden altar of the Shining One.
  9455 | D:9      | Reached ***** piety under Okawaru
  9551 | D:9      | Noticed Erica
  9569 | D:9      | Killed Erica
  9570 | D:9      | Reached skill level 12 in Long Blades
  9570 | D:9      | Reached skill level 10 in Armour
  9578 | D:9      | Noticed an elephant
  9585 | D:9      | Killed an elephant
  9767 | D:9      | Found a staircase to the Lair.
  9848 | D:9      | Noticed Maurice
  9855 | D:9      | Something stole 32 gold
  9884 | D:9      | Something stole the +6 short sword of Contention {flame,
                  | rC+ MP+9 Dex-2}
  9885 | D:9      | Killed Maurice
 10001 | D:9      | Noticed a two-headed ogre
 10007 | D:9      | Killed a two-headed ogre
 10008 | D:9      | Reached XP level 11. HP: 79/97 MP: 10/10
 10069 | D:9      | Found a sparkling altar of Nemelex Xobeh.
 10258 | D:10     | Entered Level 10 of the Dungeon
 10359 | D:10     | Reached skill level 13 in Long Blades
 10394 | D:10     | Noticed a two-headed ogre
 10612 | D:10     | Received a gift from Okawaru
 10632 | D:10     | Killed a two-headed ogre
 11112 | D:11     | Noticed Grum
 11113 | D:11     | Identified the +3 buckler "Avicotz" {Str+2}
 11123 | D:11     | Killed Grum
 11134 | D:11     | Identified the +0 scale mail of Daeroi {rN+}
 11294 | D:11     | Found a staircase to the Orcish Mines.
 11379 | D:11     | You are sucked into a shaft and drop 1 floor!
 12115 | D:12     | Identified the +1 war axe "Maxamaf" {antimagic, rF+}
 12153 | D:12     | Received a gift from Okawaru
 12264 | D:12     | Reached skill level 14 in Long Blades
 12449 | D:12     | Noticed Azrael
 12774 | Lair:1   | Entered Level 1 of the Lair of Beasts
 12874 | Lair:1   | Reached skill level 10 in Fighting
 13095 | Lair:1   | Reached XP level 12. HP: 63/106 MP: 11/11
 13228 | Lair:1   | Found the +8 whip "Snakebite" {venom, curare, rPois}
 13305 | Lair:1   | Reached ****** piety under Okawaru
 13818 | Lair:1   | Noticed Amaemon
 13831 | Lair:1   | HP: 3/107 [poisoned by Amaemon]
 13831 | Lair:1   | HP: 1/107 [cane toad (2)]
 13835 | Lair:1   | Succumbed to Amaemon's poison

Illustrated notes

Levels and vault maps discovered:
D:1:      minmay_arrival_diagonal_passages, layout_basic, minmay_tromino_v4_a
D:2:      layout_basic, guppyfry_early_orc_mine
D:3:      layout_loops_ring, mainiacjoe_overflow_divided_tiny,
          minmay_crystal_water, nrook_loot_triangle, uniq_robin
D:4:      layout_layer_cave, overflow_temple_1_default, serial_bayou_lagoon_a
D:5:      layout_cave_pools, tgw_kikubaaqudgha, ebering_ghost_sewer_d
D:6:      layout_gridville, serial_shops, shop, uniq_edmund
D:7:      layout_rooms, zin_purify, lemuel_coloured_pillars_altar,
          minmay_temple_entry_statues_fountains, serial_glass, glass_columns_c,
          glass_columns_c, kennysheep_generic_room_10
D:8:      layout_loops_ring, mainiacjoe_overflow_tiny_flanked,
          vehumet_altar_wand_db, serial_rivers, chequers_serial_rivers_large_a,
          chequers_serial_rivers_room_a, chequers_serial_rivers_micro_c,
          chequers_serial_rivers_room_b, chequers_serial_rivers_micro_b,
          chequers_serial_rivers_room_a, nicolae_shop_overcharged_wands
D:9:      layout_loops_ring, general_overflow_altar, tso_oasis_becter,
          grunt_lair_entry_orc_guard_hut, gammafunk_ghost_spectres,
          enter_bailey_5, uniq_maurice, uniq_erica
D:10:     layout_rooms
D:11:     layout_gridville, orc_0_dummy, uniq_grum
D:12:     layout_loops_corners, minmay_misc_feat_five, minmay_misc_feat_hallway,
          uniq_azrael
Lair:1:   minmay_guarded_unrand_snakebite, layout_layer_cave,
          hangedman_lair_unloving_vines, serial_bayou_shore_a,
          lemuel_fruit_tree, grunt_megastairs_3, uniq_amaemon

Skill      XL: |  1  2  3  4  5  6  7  8  9 10 11 12 |
---------------+-------------------------------------+-----
Armour         | 4 5 6 7 9 10 12 13 | 13.3
Shields        | 4 5 6 7 9 |  9.4
Long Blades    | 3 4 5 6 7 9 11 12 14 | 14.6
Fighting       | 4 5 6 7 9 10 | 10.5
Dodging        | 1 2 3 4 |  4.6
Stealth        | 1 2 3 |  3.0
Unarmed Combat | |  0.1
Invocations    | |  0.6

Action                     |  1- 3 |  4- 6 |  7- 9 | 10-12 || total
---------------------------+-------+-------+-------+-------++-------
  Melee: Long sword        |    79 |   135 |   431 |   469 ||  1114
         Headbutt          |     9 |    28 |    90 |   106 ||   233
         Unarmed           |       |       |       |     2 ||     2
 Invoke: Heroism           |       |       |       |     2 ||     2
    Use: Scroll            |     4 |     4 |     7 |     4 ||    19
         Potion            |     2 |       |     1 |     8 ||    11
   Stab: Distracted        |       |       |     1 |     6 ||     7
 Armour: Scale mail        |    68 |   103 |    72 |       ||   243
         Chain mail        |       |       |   211 |       ||   211
         Plate armour      |       |       |    73 |   394 ||   467
         Skin              |       |       |       |     2 ||     2
  Dodge: Dodged            |    42 |    54 |   214 |   158 ||   468
  Block: Buckler           |    21 |    26 |   129 |   119 ||   295
